[Event "Early-Titled-Tuesday-Blitz-December-26-2023"]
[Site "Chess.com"]
[Date "2023.12.26"]
[Round "7"]
[White "LeoWin2012"]
[Black "ChessSwole"]
[Result "0-1"]
[WhiteElo "2225"]
[BlackElo "2704"]
[TimeControl "180+1"]
[EndTime "9:17:19 PST"]
[Termination "ChessSwole won by checkmate"]

1. e4 e6 2. d4 d5 3. Nd2 c5 4.
Ngf3 cxd4 5. Nxd4 Nf6 6. Bb5+ Bd7 7. Bxd7+ Nbxd7 8. exd5 Nxd5 9. O-O Be7 10. Ne4 O-O 11.
c4 N5f6 12. Nc3 Rc8 13. b3 a6 14. Bb2 Qc7 15. Rc1 Rfd8 16. Qe2 Bd6 17. h3 Bh2+ 18. Kh1 Bf4 19. Rcd1 Nf8 20. Ne4 Be5 21.
Nxf6+ Bxf6 22. Nf3 Qf4 23. Bxf6 Qxf6 24. Rxd8 Rxd8 25.
Rd1 h6 26. g3 Ng6 27. Kh2 h5 28. h4 Rxd1 29. Qxd1 Qb2 30. Qd8+ Nf8 31. Qd2 Qf6 32. Kg2 Qe7 33. Qa5 g6 34. b4 Qd6 35. a3 Qc6 36.
c5 Nd7 37. Qd8+ Kg7 38. Qe8 Qd5 39. Qd8 e5 40. Qg5 Qc6 41. Qe3 a5 42. Kh2 Qd5 43.
Qc3 a4 44. Qe3 Kg8 45. Qc3 e4 46. Qe3 exf3 47. Qe8+ Kg7 48. Qe3 Nf6 49. Qc3 Qa2 50.
b5 Qxf2+ 51. Kh3 Qg2# 0-1

[Event "Early-Titled-Tuesday-Blitz-December-26-2023"]
[Site "Chess.com"]
[Date "2023.12.26"]
[Round "7"]
[White "Kotlyar_K"]
[Black "Pastore1978"]
[Result "1-0"]
[WhiteElo "2473"]
[BlackElo "2193"]
[TimeControl "180+1"]
[EndTime "9:17:20 PST"]
[Termination "Kotlyar_K won on time"]

1. e4 e6 2. Nf3 d5 3. Nc3 Nf6 4. e5 Nfd7 5. d4 c5 6. dxc5 Nc6 7. Bf4 Bxc5 8. Bd3 h6 9. h4 a6 10. Rh3 b5 11. Qe2 Nb4 12. Rd1 Bb7 13. Kf1 Nb6 14. b3 Nxd3 15. Rxd3 Qe7 16. Rg3 g6 17. Rd1 b4 18. Nb1 a5 19. Kg1 Ba6 20. Qe1 Rc8 21. Be3 Bxe3 22. Qxe3 Qc5 23. Nd4 Nd7 24. Rf3 Qe7 25. Qf4 g5 26. Qg3 gxh4 27. Qg7 Qf8 28. Qxf8+ Rxf8 29. Re1 a4 30. Nd2 a3 31. Rh3 Rg8 32.
Rxh4 Rg6 33. N2f3 Rc3 34. g3 Nc5 35. Kg2 Ne4 36. Reh1 Ke7 37. Rxh6 Rxh6 38. Rxh6 Nc5 39. Rh8 Ne4 40. Rb8 Be2 41. Rb7+ Kf8 42. Nxe2 Rxc2 43.
Ned4 Rxf2+ 44. Kh3 Rxa2 45. Rxb4 Nf2+ 46. Kh4 Nd3 47. Ra4 Nc1 48. Kg5 Rg2 49. Kf6 Kg8 50. Ng5 Rf2+ 51. Ndf3 1-0

[Event "Early-Titled-Tuesday-Blitz-December-26-2023"]
[Site "Chess.com"]
[Date "2023.12.26"]
[Round "7"]
[White "Aslanov_Umid"]
[Black "drillovsky"]
[Result "1/2-1/2"]
[WhiteElo "2555"]
[BlackElo "2390"]
[TimeControl "180+1"]
[EndTime "9:17:21 PST"]
[Termination "Game drawn by repetition"]

1. e4 c5 2. Nf3 e6 3. d4 cxd4 4.
Nxd4 Nf6 5. Nc3 Nc6 6. Ndb5 Bb4 7. a3 Bxc3+ 8. Nxc3 d5 9. exd5 exd5 10. Bd3 O-O 11.
O-O Bg4 12. f3 Bh5 13. Bg5 Qb6+ 14. Kh1 Ne4 15. Nxe4 dxe4 16. Bxe4 Qxb2 17. Rb1 Qxa3 18. Rxb7 Qa6 19. Rc7 Rac8 20. Rxc8 Rxc8 21. Re1 Bg6 22.
Bxg6 hxg6 23. h4 Qa5 24. Re2 Qf5 25. Qe1 Nd4 26. Re8+ Rxe8 27. Qxe8+ Kh7 28. c4 f6 29. Be3 Ne2 30. Bxa7 Ng3+ 31. Kh2 Qf4 32. Qb8 Nf1+ 33. Kg1 Qc1 34. c5 Ne3+ 35. Kh2 Qc4 36. c6 Qxh4+ 37. Kg1 Qe1+ 38. Kh2 Nf1+ 39. Kg1 Ne3+ 40. Kh2 Nf1+ 41. Kg1 Ne3+ 1/2-1/2

[Event "Early-Titled-Tuesday-Blitz-December-26-2023"]
[Site "Chess.com"]
[Date "2023.12.26"]
[Round "7"]
[White "Louis64"]
[Black "GMT4114"]
[Result "1-0"]
[WhiteElo "2277"]
[BlackElo "2013"]
[TimeControl "180+1"]
[EndTime "9:17:21 PST"]
[Termination "Louis64 won on time"]

1. e4 e6 2. d4 d5 3. Nc3 Bb4 4. e5 Qd7 5. Bd2 b6 6. Bb5 c6 7. Ba4 Ba6 8. Nce2 Bf8 9. c3 Ne7 10. Nf3 Nf5 11. Bc2 c5 12. O-O Nc6 13. Re1 cxd4 14.
Bxf5 dxc3 15. Bxc3 exf5 16. Ned4 O-O-O 17. Rc1 Kb8 18. e6 fxe6 19. Nxc6+ Ka8 20. Nfe5 Qe8 21.
Nxd8 Qxd8 22. Nf7 Qh4 23. Nxh8 Bc5 24. Qf3 Bb7 25. Be5 g5 26. Qg3 Qh6 27. Nf7 Qg6 28. Nd8 Ba6 29. a3 h5 30. b4 Be7 31. Nc6 Bf8 32. Qc3 Bc4 33. Bg3 f4 34. Qe5 Kb7 35.
b5 1-0

[Event "Early-Titled-Tuesday-Blitz-December-26-2023"]
[Site "Chess.com"]
[Date "2023.12.26"]
[Round "7"]
[White "DvaHrasta"]
[Black "ValentunHulka"]
[Result "0-1"]
[WhiteElo "2482"]
[BlackElo "2755"]
[TimeControl "180+1"]
[EndTime "9:17:23 PST"]
[Termination "ValentunHulka won on time"]

1. c4 e5 2. g3 c6 3. d4 e4 4.
d5 Bb4+ 5. Bd2 e3 6. fxe3 Bxd2+ 7. Qxd2 Nf6 8. Nc3 O-O 9. d6 Re8 10. Bg2 Qb6 11. e4 Ng4 12. O-O-O Nf2 13. Nh3 Nxh1 14. Bxh1 Na6 15. Na4 Qb4 16. Qxb4 Nxb4 17. a3 Na6 18. b4 b6 19. Nf4 Bb7 20. c5 b5 21. Nc3 Nb8 22. Nd3 a5 23. Kb2 Na6 24. e5 Re6 25.
Nxb5 axb4 26. axb4 Bc8 27. Nd4 Re8 28. Bf3 Nb8 29. b5 Ra4 30. Kc3 cxb5 31. Nxb5 Na6 32. Nc7 Nxc7 33. dxc7 Ra7 34. Rb1 Rxc7 35. Rb8 Kf8 36. Kd4 Ba6 37. Rxe8+ Kxe8 38. Nb4 Bb7 39. e4 Bc6 40. Be2 Rb7 41. Nxc6 dxc6 42. Bc4 Ke7 43.
Kc3 Rb1 44. Ba6 Rh1 0-1

[Event "Early-Titled-Tuesday-Blitz-December-26-2023"]
[Site "Chess.com"]
[Date "2023.12.26"]
[Round "7"]
[White "noblerone"]
[Black "BardArtem"]
[Result "0-1"]
[WhiteElo "2520"]
[BlackElo "2693"]
[TimeControl "180+1"]
[EndTime "9:17:23 PST"]
[Termination "BardArtem won by resignation"]

1. d4 d5 2. Nf3 Nf6 3. Bg5 Ne4 4. Bf4 c5 5. e3 Nc6 6. c3 Qb6 7. Qb3 c4 8. Qxb6 axb6 9. Nfd2 Nxd2 10. Nxd2 b5 11.
Be2 Bf5 12. Bf3 e6 13. e4 dxe4 14. Nxe4 f6 15. O-O g5 16. Nxf6+ Kf7 17. Bxg5 Be7 18. Bh5+ Kg7 19. Nxh7 Rxh7 20. Bxe7 Rxh5 21. Bd6 Kf7 22. f3 Bd3 23. Rfe1 Rd5 24. Bc7 b4 25. h4 bxc3 26. bxc3 Ra3 27. Rec1 e5 28. dxe5 Nxe5 29. Bb6 Ng6 30.
g3 Ne5 31. Kf2 Rb5 32. Bd4 Rb2+ 33. Ke3 Re2+ 34. Kf4 Ng6+ 35. Kg4 Ra5 36. f4 Rh2 37. Re1 Be2+ 38. Rxe2 Rxe2 39. h5 Ne7 40. Rb1 b5 41. Kf3 Rexa2 42. g4 Nc6 43. Bc5 Ra1 44. Rb2 b4 45. cxb4 R5a2 46. Rxa2 Rxa2 47. b5 Ra5 48. f5 Rxb5 49. Be3 c3 50. Ke4 c2 51. g5 Re5+ 52. Kd3 Rxe3+ 53. Kxc2 Re5 0-1

[Event "Early-Titled-Tuesday-Blitz-December-26-2023"]
[Site "Chess.com"]
[Date "2023.12.26"]
[Round "7"]
[White "Blackwhite017"]
[Black "Alenzer"]
[Result "0-1"]
[WhiteElo "2070"]
[BlackElo "2070"]
[TimeControl "180+1"]
[EndTime "9:17:24 PST"]
[Termination "Alenzer won on time"]

1. e4 c5 2. Nf3 e6 3. d4 cxd4 4. Nxd4 Nf6 5. Nc3 Nc6 6. g3 Bb4 7. Bg2 d5 8. Nxc6 bxc6 9. O-O d4 10. Ne2 c5 11. a3 Ba5 12. c3 d3 13. Nf4 c4 14. e5 Nd5 15. Nxd5 exd5 16. b4 Bb6 17.
Kh1 O-O 18. Bd2 Re8 19. f4 Rb8 20. Qf3 d4 21. Rad1 Bb7 22. Qg4 Bxg2+ 23. Kxg2 dxc3 24.
Bxc3 Qd5+ 25. Rf3 Bd4 26. Bd2 c3 27. Be3 Bxe3 28. f5 c2 29. Rf1 c1=Q 30. f6 g6 0-1

[Event "Early-Titled-Tuesday-Blitz-December-26-2023"]
[Site "Chess.com"]
[Date "2023.12.26"]
[Round "7"]
[White "ftorodent"]
[Black "Slovak_fighter2000"]
[Result "1-0"]
[WhiteElo "2629"]
[BlackElo "2503"]
[TimeControl "180+1"]
[EndTime "9:17:25 PST"]
[Termination "ftorodent won on time"]

1. d4 Nf6 2. c4 e6 3. Nf3 d5 4. Nc3 a6 5. cxd5 exd5 6. Bf4 Bd6 7.
e3 O-O 8. Be2 Nc6 9. O-O Ne7 10.
Bg5 Be6 11. Bxf6 gxf6 12. g3 c6 13. Ne1 Bf5 14. Bd3 Bg6 15. Ng2 Kg7 16. f4 f5 17.
Qc2 Qd7 18. Na4 Rfe8 19. Nb6 Qe6 20. Nxa8 Rxa8 21. Rae1 Re8 22. Nh4 Qf6 23. Nf3 Qe6 24. Nh4 Qf6 25. Kg2 Rc8 26. Qc3 Kg8 27. b4 Qe6 28. a3 Rc7 29. Nf3 Kg7 30. Rf2 f6 31.
Nh4 Nc8 32. g4 Ne7 33. Qc2 Qc8 34. gxf5 Bh5 35. Kh1 Kh8 36. Rg1 Ng8 37. Be2 Qe8 38. Rfg2 Nh6 39. Rg3 Bf7 40. Bd3 Bf8 41. Qg2 Re7 42. Qh3 Bh5 43. Ng6+ hxg6 44. fxg6 Bg7 45. Re1 Bg4 46. Rxg4 Kg8 47. Rh4 f5 48. Rxh6 Bxh6 49. Qxh6 1-0

[Event "Early-Titled-Tuesday-Blitz-December-26-2023"]
[Site "Chess.com"]
[Date "2023.12.26"]
[Round "7"]
[White "CarlosjPineror"]
[Black "mightysmasher"]
[Result "0-1"]
[WhiteElo "2492"]
[BlackElo "2611"]
[TimeControl "180+1"]
[EndTime "9:17:26 PST"]
[Termination "mightysmasher won by resignation"]

1. e4 e6 2. d4 d5 3. e5 c5 4.
c3 Nc6 5. Nf3 Qb6 6. a3 Bd7 7.
b4 cxd4 8. cxd4 Rc8 9. Bb2 Na5 10.
Nbd2 Nc4 11. Nxc4 dxc4 12. Nd2 c3 13. Bxc3 Rxc3 14. Ne4 Rc8 15. Be2 Be7 16. O-O Nh6 17. d5 exd5 18. Qxd5 Qc6 19. Rfd1 Qxd5 20. Rxd5 Bc6 21. Bb5 Bxb5 22. Rxb5 b6 23. Rd5 O-O 24. Rd7 Rfe8 25. Rxa7 Bf8 26. Nd6 Bxd6 27. exd6 Rcd8 28. h3 Rxd6 29. a4 Nf5 30. a5 bxa5 31. bxa5 Nd4 32. a6 h6 33. Rb7 Ra8 34. a7 Rdd8 35.
Ra6 Ne6 36. Rab6 Kf8 37. g3 h5 38. Kg2 g6 39. h4 Kg8 40. Kg1 Kf8 41. Kg2 Ke8 42. Kg1 Nc5 43. Rc7 Ne6 44. Rcb7 Rdc8 45.
Kg2 Nd8 46. Rb8 Kd7 47. Rxc8 Kxc8 48. Ra6 Kb7 0-1

[Event "Early-Titled-Tuesday-Blitz-December-26-2023"]
[Site "Chess.com"]
[Date "2023.12.26"]
[Round "7"]
[White "Ezov"]
[Black "Aleksandar-Topalov"]
[Result "0-1"]
[WhiteElo "2148"]
[BlackElo "2356"]
[TimeControl "180+1"]
[EndTime "9:17:26 PST"]
[Termination "Aleksandar-Topalov won by checkmate"]

1. d4 Nf6 2. Nc3 d5 3. Bf4 Bf5 4. Qd2 c6 5. O-O-O Nbd7 6. f3 h5 7. e3 e6 8. Bd3 Bxd3 9. Qxd3 Qa5 10. Nge2 b5 11. a3 b4 12. Nb1 c5 13. dxc5 Nxc5 14. Qd2 Rc8 15. Nd4 Ncd7 16. axb4 Bxb4 17. c3 e5 18. Nf5 exf4 19. Nxg7+ Kf8 20. Nf5 fxe3 21.
Qxe3 Bc5 22. Qg5 Rh7 23. Rhe1 Rb8 24. Re2 Qb5 25. Rde1 a5 26. g4 a4 27. gxh5 a3 28. Nxa3 Bxa3 29. bxa3 Qb1+ 30. Kd2 Qb2+ 31. Ke3 Qxc3+ 32.
Kf2 Qxa3 33. Re3 Rb2+ 34. Kg3 Qa8 35. Re7 Qb8+ 36. f4 Nxh5+ 37. Qxh5 Rxh5 38. Rxd7 Rbxh2 39. Ree7 Qb3+ 40. Kg4 Qh3# 0-1

[Event "Early-Titled-Tuesday-Blitz-December-26-2023"]
[Site "Chess.com"]
[Date "2023.12.26"]
[Round "7"]
[White "ShadyH9"]
[Black "C_K_G"]
[Result "1-0"]
[WhiteElo "2345"]
[BlackElo "2051"]
[TimeControl "180+1"]
[EndTime "9:17:26 PST"]
[Termination "ShadyH9 won by resignation"]

1. Nf3 d5 2. g3 e6 3. Bg2 Nf6 4. O-O Bd6 5. b3 O-O 6. Bb2 Nbd7 7. d3 c5 8. Nbd2 Qc7 9. e4 d4 10. a4 b6 11. Nc4 e5 12. Nh4 g6 13. Bc1 Re8 14. f4 Kg7 15. f5 h6 16. fxg6 fxg6 17. Bd2 Nf8 18. Qe2 Bg4 19. Bf3 Bh3 20. Rf2 Ne6 21. Bg2 Bxg2 22. Kxg2 Ng5 23. Raf1 Rf8 24. Bxg5 hxg5 25. Nf3 Nh7 26. Qd2 Qe7 27. Nxd6 Qxd6 28. Nxg5 Rxf2+ 29. Rxf2 Nxg5 30. Qxg5 Re8 31. h4 Re6 32. h5 Rf6 33. h6+ Kf7 34. Qxf6+ Qxf6 35. Rxf6+ Kxf6 36. Kh3 g5 37. Kg4 Kg6 38. h7 Kxh7 39.
Kxg5 Kg7 40. Kf5 Kf7 41. Kxe5 Ke7 42. g4 1-0

[Event "Early-Titled-Tuesday-Blitz-December-26-2023"]
[Site "Chess.com"]
[Date "2023.12.26"]
[Round "7"]
[White "maurovargas01"]
[Black "hsd2016"]
[Result "0-1"]
[WhiteElo "1864"]
[BlackElo "2248"]
[TimeControl "180+1"]
[EndTime "9:17:30 PST"]
[Termination "hsd2016 won by checkmate"]

1. e4 e5 2. Nf3 Nc6 3. d4 exd4 4. Bc4 Nf6 5. e5 d5 6. Bb5 Ne4 7. Nxd4 Bd7 8. Bxc6 bxc6 9. O-O Bc5 10. c3 O-O 11. f3 Ng5 12. Be3 Ne6 13. f4 g6 14.
Nd2 f6 15. Qe2 fxe5 16. fxe5 Qh4 17. N2f3 Qh5 18. Kh1 Bxd4 19. cxd4 Rae8 20. Rac1 Nf4 21. Qd2 Nxg2 22. Ng5 Nxe3 23. Qxe3 Bf5 24. Rxc6 h6 25. Nf3 Be4 26. Rf6 Rxf6 27. exf6 Rf8 28. Kg1 Qg4+ 29. Kf2 Rxf6 30. Ke2 Qg2+ 31. Rf2 Bxf3+ 32.
Kd3 Be4+ 33. Ke2 Qxf2+ 34. Qxf2 Rxf2+ 35. Kxf2 Kf7 36. Ke3 Ke6 37. Kf4 g5+ 38. Kg4 Kf6 39. Kh5 Kg7 40. h4 Bf3# 0-1

[Event "Early-Titled-Tuesday-Blitz-December-26-2023"]
[Site "Chess.com"]
[Date "2023.12.26"]
[Round "7"]
[White "BogdanDeac"]
[Black "Hikaru"]
[Result "1/2-1/2"]
[WhiteElo "3017"]
[BlackElo "3216"]
[TimeControl "180+1"]
[EndTime "9:17:33 PST"]
[Termination "Game drawn by repetition"]

1. d4 a6 2. e4 c6 3. Nc3 d5 4.
Nf3 Bg4 5. h3 Bh5 6. exd5 cxd5 7.
g4 Bg6 8. h4 Nc6 9. h5 Be4 10.
Nxe4 dxe4 11. Ne5 Nxd4 12. c3 Nf3+ 13. Nxf3 Qxd1+ 14. Kxd1 exf3 15. Rh3 h6 16. Rxf3 Nf6 17. Rf4 e6 18. a4 Bd6 19. Rc4 Kd7 20. a5 Rac8 21.
Rca4 Bc5 22. Bg2 Rhd8 23. Ke2 Nd5 24. c4 Nb4 25. Bxb7 Rb8 26. Rxb4 Bxb4 27. Bxa6 Ra8 28. Bb5+ Kc7 29. a6 Bc5 30. Bf4+ Kb6 31. Bd2 Ka7 32.
b4 Rxd2+ 33. Kxd2 Bxb4+ 34. Ke2 Rd8 35. Rd1 Rxd1 36. Kxd1 g6 37. Be8 gxh5 38. gxh5 Kxa6 39. Bxf7 e5 40. Ke2 Kb6 41. Kd3 Be1 42. f3 Bg3 43. Ke4 Kc5 44. Kf5 Bf4 45. Bd5 Kd6 46. Ke4 Kc5 47. Kf5 Kd6 48. Ke4 Kc5 49. Kf5 1/2-1/2

[Event "Early-Titled-Tuesday-Blitz-December-26-2023"]
[Site "Chess.com"]
[Date "2023.12.26"]
[Round "7"]
[White "Korchmar_Vasiliy"]
[Black "stollenmonster"]
[Result "0-1"]
[WhiteElo "2787"]
[BlackElo "2926"]
[TimeControl "180+1"]
[EndTime "9:17:33 PST"]
[Termination "stollenmonster won on time"]

1. e4 c5 2. d4 cxd4 3. Qxd4 Nc6 4. Qd3 g6 5. Nc3 Bg7 6. Nf3 d6 7. Be2 Nf6 8. O-O O-O 9. Nd5 Ng4 10. c3 Nge5 11. Nxe5 Nxe5 12. Qg3 e6 13. Nb4 a5 14. Nc2 Qc7 15. Na3 a4 16. Be3 Qa5 17. f4 Nc6 18. Nc4 Qc7 19. Rad1 d5 20. exd5 exd5 21. Nb6 Ra5 22.
Nxd5 Qd6 23. Bf3 Ne7 24. Nb6 Qc7 25. Nxc8 Qxc8 26. Qf2 Nf5 27. Bb6 Rb5 28. Rd5 Qc4 29. Rxb5 Qxb5 30. a3 Re8 31. Rd1 Qc4 32. Bxb7 Re2 33.
Qf1 Qb5 34. Kh1 h5 35. Bf3 Rxb2 36. Qxb5 Rxb5 37. Bd4 Bf8 0-1

[Event "Early-Titled-Tuesday-Blitz-December-26-2023"]
[Site "Chess.com"]
[Date "2023.12.26"]
[Round "7"]
[White "YaWaleriy"]
[Black "JAN2404"]
[Result "1-0"]
[WhiteElo "2263"]
[BlackElo "1950"]
[TimeControl "180+1"]
[EndTime "9:17:34 PST"]
[Termination "YaWaleriy won on time"]

1. d4 Nf6 2. Nf3 g6 3. c4 Bg7 4. Nc3 O-O 5. e4 d6 6. Be2 e5 7. d5 Nbd7 8. Bg5 c6 9. Nd2 h6 10. Be3 a5 11. O-O Nc5 12. b3 Rb8 13. a3 Nfd7 14. b4 axb4 15. axb4 Na6 16. Rb1 f5 17. f3 c5 18. b5 Nb4 19. Ra1 Nb6 20. Qb3 Bd7 21. Na2 Nxa2 22. Rxa2 Ra8 23. Rfa1 Rxa2 24. Rxa2 g5 25. exf5 Bxf5 26. Bd3 Qf6 27. Ne4 Bxe4 28. Bxe4 g4 29. Ra7 Rf7 30. Qd3 gxf3 31. gxf3 h5 32. Bg6 Re7 33. Bxh5 Bh6 34. Bf2 Rf7 35. Bg4 Rg7 36. Kf1 Qf4 37. Bg3 Qc1+ 38. Kg2 e4 39. Qxe4 Qd2+ 40. Kh3 1-0

[Event "Early-Titled-Tuesday-Blitz-December-26-2023"]
[Site "Chess.com"]
[Date "2023.12.26"]
[Round "7"]
[White "Iball95"]
[Black "ahkashefi2800"]
[Result "1-0"]
[WhiteElo "2808"]
[BlackElo "2582"]
[TimeControl "180+1"]
[EndTime "9:17:37 PST"]
[Termination "Iball95 won on time"]

1. e4 c6 2. d4 d5 3. exd5 cxd5 4.
c4 e6 5. Nc3 Nf6 6. c5 Be7 7.
Bb5+ Bd7 8. Bxd7+ Nfxd7 9. Bf4 O-O 10. Nge2 Nc6 11. a3 a5 12. Rb1 Bg5 13. Bd6 Re8 14.
O-O Be7 15. Bg3 Bf6 16. b4 axb4 17. axb4 Ra3 18. Nb5 Ra2 19. Nd6 Qa8 20. Nxe8 Qxe8 21. Nc3 Ra3 22. Nb5 Ra2 23. Qb3 Rd2 24. Qc3 Re2 25.
Qd3 Ra2 26. Qb3 Rd2 27. Qc3 Re2 28. Rfe1 Rxe1+ 29. Rxe1 h5 30. h4 Qe7 31. Bd6 Qd8 32. g3 Nb6 33. cxb6 Qd7 34. Qc5 Bd8 35. Bf4 Bf6 36. Ra1 Kh7 37. Qd6 Qe8 38. Nc7 Qc8 39. Ra8 Nb8 40. Kg2 Bxd4 41. Nb5 1-0

[Event "Early-Titled-Tuesday-Blitz-December-26-2023"]
[Site "Chess.com"]
[Date "2023.12.26"]
[Round "7"]
[White "DTChess"]
[Black "MrrRefrao"]
[Result "1-0"]
[WhiteElo "2669"]
[BlackElo "2555"]
[TimeControl "180+1"]
[EndTime "9:17:38 PST"]
[Termination "DTChess won by resignation"]

1. e4 g6 2. d4 Bg7 3. Nc3 d6 4. Be3 a6 5. f3 b5 6. Qd2 Nd7 7. Nge2 Nb6 8. Nf4 c6 9. a3 Rb8 10. h4 h5 11. Be2 Nf6 12. e5 dxe5 13. dxe5 Qxd2+ 14. Bxd2 Nfd5 15. Nfxd5 Nxd5 16. Nxd5 cxd5 17. Bc3 Bf5 18. O-O-O e6 19. g4 hxg4 20. fxg4 Be4 21. Rh3 Kd7 22. h5 gxh5 23. gxh5 Rbg8 24. Rf1 Bh6+ 25. Kb1 Rh7 26. a4 Bg2 27. Rg1 Rhg7 28. Rh4 Be3 29. Rd1 Kc6 30. axb5+ axb5 31. Rb4 Rb8 32. Rb3 Be4 33. Bb4 Bf4 34. Rc3+ Kd7 35.
Bd6 Rb7 36. Bd3 Bxd3 37. Rcxd3 Rh7 38. Rh3 b4 39. Ka2 f6 40. Re1 Bxe5 41. Bxe5 fxe5 42. Rxe5 Kd6 43. Rg5 Rbf7 44. Kb3 Rf4 45. h6 e5 46.
Rg6+ Kc5 47. Rh5 Re4 48. Rgg5 Re3+ 49. c3 bxc3 50. bxc3 Rb7+ 51. Kc2 d4 52. Rxe5+ Kd6 53. Rxe3 Rc7 54. Rd3 1-0

[Event "Early-Titled-Tuesday-Blitz-December-26-2023"]
[Site "Chess.com"]
[Date "2023.12.26"]
[Round "7"]
[White "nitpicker"]
[Black "dodoucb"]
[Result "0-1"]
[WhiteElo "2304"]
[BlackElo "2495"]
[TimeControl "180+1"]
[EndTime "9:17:38 PST"]
[Termination "dodoucb won on time"]

1. d4 Nf6 2. c4 e6 3. g3 Bb4+ 4. Bd2 Qe7 5. Bg2 O-O 6. Nf3 c5 7. O-O cxd4 8. Nxd4 Nc6 9. Nb5 a6 10. N5c3 b6 11. a3 Bd6 12. Bg5 Be5 13. Qd3 Bb7 14. b4 h6 15. Be3 d5 16. Bxb6 dxc4 17.
Qxc4 Rac8 18. Bc5 Bd6 19. Nd2 Ne5 20. Qd4 Bxc5 21. bxc5 Bxg2 22. Kxg2 Rxc5 23. Nce4 Rd5 24. Qc3 Rfd8 25. Rfc1 Nfg4 26. h3 Nf6 27. Nxf6+ Qxf6 28. Nf3 Qf5 29. Nxe5 Rxe5 30. Qf3 Rd2 31. Rc8+ Kh7 32. Qxf5+ exf5 33. Re1 Ra2 34. Rc3 a5 35. e3 Kg6 36.
Rd3 f6 37. Red1 Re4 38. Rc1 a4 39. Rcc3 Rb2 40. Kf3 h5 41. h4 Re5 42. Kg2 Reb5 43. Kf3 R5b3 0-1

[Event "Early-Titled-Tuesday-Blitz-December-26-2023"]
[Site "Chess.com"]
[Date "2023.12.26"]
[Round "7"]
[White "MikeSailer"]
[Black "Viktor_Poddubnyi"]
[Result "0-1"]
[WhiteElo "2186"]
[BlackElo "2371"]
[TimeControl "180+1"]
[EndTime "9:17:38 PST"]
[Termination "Viktor_Poddubnyi won by resignation"]

1. d4 g6 2. Bf4 Bg7 3. e3 d6 4. Nf3 Nf6 5. Be2 O-O 6. O-O Nc6 7. h3 Nd7 8. Bh2 e5 9. c4 exd4 10. exd4 h6 11. Nc3 g5 12. a3 f5 13. b4 g4 14.
hxg4 fxg4 15. Ne1 Bxd4 16. Nd5 Bxa1 17. Qxa1 Nce5 18. Nd3 c6 19. Ne3 Nxd3 20. Bxd3 Ne5 21. Bb1 Qf6 22. Qa2 Be6 23. Qc2 Rf7 24. Bxe5 dxe5 25.
g3 Raf8 26. c5 h5 27. Ng2 Bd5 28. Nh4 e4 29. Ba2 e3 30. Bxd5 cxd5 31. f4 gxf3 32. Rxf3 Qa1+ 33. Kg2 Rxf3 34. Nxf3 Qf6 35. Qe2 d4 36.
Qc4+ Kg7 37. Nxd4 Qf2+ 38. Kh3 Qf1+ 39. Kh4 Qxc4 0-1

[Event "Early-Titled-Tuesday-Blitz-December-26-2023"]
[Site "Chess.com"]
[Date "2023.12.26"]
[Round "7"]
[White "UnTucopalaTimba"]
[Black "Klavdia_Nik"]
[Result "1-0"]
[WhiteElo "2164"]
[BlackElo "1969"]
[TimeControl "180+1"]
[EndTime "9:17:39 PST"]
[Termination "UnTucopalaTimba won on time"]

1. e4 c5 2. Nf3 d6 3. Bb5+ Nc6 4. d4 cxd4 5. Nxd4 Bd7 6. O-O Nf6 7. Nc3 a6 8. Ba4 e6 9. Bg5 Be7 10. Re1 Qc7 11. Bb3 O-O 12. Qd2 b5 13. a3 Ne5 14.
Nf3 Nc4 15. Bxc4 bxc4 16. Qe2 Rab8 17. Rab1 h6 18. Bh4 Rfe8 19. e5 dxe5 20. Nxe5 Bb5 21.
a4 Bd7 22. Qxc4 Qxc4 23. Nxc4 g5 24. Bg3 Rb4 25. b3 Nh5 26. Bd6 Bxd6 27. Nxd6 Reb8 28.
Rbd1 Bc6 29. g3 Nf6 30. Nc4 Nd5 31. Nxd5 Bxd5 32. Ne3 Bf3 33. Rd6 R4b6 34. Rxb6 Rxb6 35. Kf1 Kf8 36. h4 Ke7 37. Kg1 gxh4 38. gxh4 Rb4 39. Nc4 Bd5 40. Ne3 Bf3 41. Kh2 Rxh4+ 42. Kg3 1-0

[Event "Early-Titled-Tuesday-Blitz-December-26-2023"]
[Site "Chess.com"]
[Date "2023.12.26"]
[Round "7"]
[White "tetrix83"]
[Black "WindWhistler11"]
[Result "0-1"]
[WhiteElo "2559"]
[BlackElo "2465"]
[TimeControl "180+1"]
[EndTime "9:17:46 PST"]
[Termination "WindWhistler11 won on time"]

1. e4 e6 2. d4 d5 3. exd5 exd5 4. Nf3 Nf6 5. Bd3 Be7 6. Bf4 O-O 7. O-O c6 8. h3 Nbd7 9. c3 Re8 10. Nbd2 Nf8 11.
Qc2 Ne6 12. Bh2 h6 13. Rfe1 b6 14. a4 Bb7 15. a5 Bd6 16. Ne5 Rc8 17. Bg3 c5 18. axb6 Qxb6 19. dxc5 Bxc5 20. Nb3 Bf8 21. Na5 Ba8 22. Bh4 Ne4 23. Bxe4 dxe4 24. Nac4 Qb5 25. Ra5 Qb7 26. Rea1 Bc5 27. Qe2 e3 28. Nxe3 Nf4 29.
Qg4 Rxe5 30. Bf6 Rg5 31. Bxg5 hxg5 32. Qxg5 Ne6 33. Qg4 Bxe3 34. fxe3 Qxb2 35. Rxa7 Bc6 36. Rf1 Be8 37. Qb4 Qxc3 38. Qe7 Qxe3+ 39. Kh1 Qg5 40. Qd6 Bc6 0-1

[Event "Early-Titled-Tuesday-Blitz-December-26-2023"]
[Site "Chess.com"]
[Date "2023.12.26"]
[Round "7"]
[White "rachidhuilda"]
[Black "anasta10"]
[Result "0-1"]
[WhiteElo "2356"]
[BlackElo "2565"]
[TimeControl "180+1"]
[EndTime "9:17:46 PST"]
[Termination "anasta10 won by resignation"]

1. d4 g6 2. e4 Bg7 3. Nc3 a6 4. a4 b6 5. Bd3 Bb7 6. Nf3 d6 7.
O-O Nf6 8. Re1 O-O 9. Bg5 h6 10. Bh4 Nh5 11. Ne2 Nd7 12. Qd2 c5 13. c3 Rc8 14. g4 Nhf6 15. Bxf6 Nxf6 16. d5 Nxg4 17. Ng3 e6 18. c4 Qf6 19. Kg2 Qxb2 20. Rab1 Qxd2 21.
Nxd2 exd5 22. Rxb6 dxe4 23. Bxe4 Bxe4+ 24. Ndxe4 Bd4 25. h3 Ne5 26. Nxd6 Rb8 27. a5 Rfd8 28. f4 Nd3 29.
Re4 Kf8 30. f5 Rxb6 31. axb6 Rxd6 32. fxg6 fxg6 33. Ne2 Rxb6 34. Nxd4 cxd4 35. Rxd4 Ne5 36. c5 Rc6 37. Rd5 Nf7 38. Kf3 Ke7 39. Ke4 a5 40.
Kd4 Nd8 41. Kc4 Ne6 42. Kb5 Rxc5+ 43. Rxc5 Nxc5 44. Kxc5 Kf6 45. Kb5 Kg5 46. Kxa5 Kh4 47. Kb4 Kxh3 48. Kc4 g5 49. Kd4 g4 50. Ke4 g3 51. Kf3 g2 0-1

[Event "Early-Titled-Tuesday-Blitz-December-26-2023"]
[Site "Chess.com"]
[Date "2023.12.26"]
[Round "7"]
[White "Sanyura"]
[Black "ljuks68"]
[Result "0-1"]
[WhiteElo "2609"]
[BlackElo "2525"]
[TimeControl "180+1"]
[EndTime "9:17:47 PST"]
[Termination "ljuks68 won on time"]

1. e4 e6 2. d4 d5 3. Nc3 Bb4 4. e5 Ne7 5. Nf3 c5 6. Bd2 cxd4 7. Nb5 Bxd2+ 8. Qxd2 O-O 9. Bd3 Nbc6 10. h4 f6 11. exf6 Rxf6 12. O-O-O e5 13. Ng5 h6 14. Bh7+ Kh8 15. f4 exf4 16. Nxd4 Bg4 17. Rdf1 Qa5 18. c3 Nxd4 19. Qxd4 Nc6 20. Qd3 d4 21. Kb1 dxc3 22. Qxc3 Qxc3 23. bxc3 f3 24. gxf3 Bf5+ 25. Bxf5 Rxf5 26.
Ne4 Raf8 27. Kb2 Rxf3 28. Rxf3 Rxf3 29. h5 Ne5 30. Rd1 Rh3 31. Rd8+ Kh7 32. Re8 Nd3+ 33.
Kb3 Rxh5 34. Rc8 b6 35. Rc7 Nc5+ 36. Nxc5 Rxc5 37. Rxa7 h5 38. Rb7 b5 39. Kb4 Rg5 40.
Re7 h4 41. Re3 Rh5 42. Rh3 g5 43. Rh1 g4 0-1

[Event "Early-Titled-Tuesday-Blitz-December-26-2023"]
[Site "Chess.com"]
[Date "2023.12.26"]
[Round "7"]
[White "adapodadei"]
[Black "SARGISMV"]
[Result "0-1"]
[WhiteElo "2729"]
[BlackElo "2539"]
[TimeControl "180+1"]
[EndTime "9:17:49 PST"]
[Termination "SARGISMV won by resignation"]

1. g3 Nf6 2. Bg2 d5 3. d3 c6 4. Nd2 e5 5. e4 dxe4 6. dxe4 Bc5 7. Ngf3 Bxf2+ 8. Kxf2 Ng4+ 9. Ke2 Qb6 10. Qg1 Qa6+ 11.
Ke1 Be6 12. h3 Nf6 13. Nxe5 O-O 14. Qc5 Re8 15. Bf1 b5 16. Be2 Qc8 17. a4 bxa4 18.
Rxa4 Bxh3 19. Nec4 Nbd7 20. Qf2 Nb6 21. Nxb6 axb6 22. Rxa8 Qxa8 23. Rxh3 Qa1 24. Nb3 Qb1 25. Bd3 c5 26. Nd2 Qxc1+ 27. Ke2 c4 28. Nxc4 Nxe4 29.
Bxe4 Qxc2+ 30. Nd2 Rxe4+ 31. Kf1 Qd1+ 32. Kg2 Re2 33. Nf3 Rxf2+ 34. Kxf2 Qc2+ 35. Kg1 Qxb2 36. Rh2 Qc1+ 37. Kg2 h6 38. Rh1 Qc2+ 39. Kh3 b5 40. Re1 b4 41. Re8+ Kh7 42. Nd4 Qd3 43. Rd8 b3 44. Kg2 b2 0-1